 Dungeon Crawl Stone Soup version 0.31-a0-358-gac0dbeb3ab (webtiles) character file.

Game seed: 14488546146693920312

422 MacCMillion the Ruffian (level 6, -2/54 HPs)
             Began as a Troll Shapeshifter on July 25, 2023.
             Slain by a sky beast (5 damage)
             ... on level 6 of the Dungeon.
             The game lasted 00:03:52 (2479 turns).

MacCMillion the Ruffian (Troll Shapeshifter)        Turns: 2479, Time: 00:03:52

Health: -2/54      AC:  4    Str: 26    XL:     6   Next: 63%
Magic:  5/5        EV:  9    Int:  4    God:
Gold:   146        SH:  0    Dex: 10    Spells: 5/5 levels left

rFire   . .          .
                       - Unarmed
rCold   . . .        (no shield)
rNeg    . . .        a - +0 animal skin
rPois   .            (helmet currently unavailable)
rElec   .            (cloak currently unavailable)
rCorr   .            (gloves unavailable)
SInv    .            (boots unavailable)
Will    .....        (no amulet)
Stlth   +            (no ring)
HPRegen 1.09/turn    (no ring)
MPRegen 0.09/turn

%: no passive effects
@: beast-form
A: beast (slay +2), large, unfitting armour, claws 3, regeneration 1, shaggy fur
1, tough skin 1
a: Begin Untransformation


You were on level 6 of the Dungeon.
You were a hulking beast.
You visited 1 branch of the dungeon, and saw 6 of its levels.

You collected 146 gold pieces.

Inventory:

Armour
 a - a +0 animal skin (worn)
Talismans
 c - a beast talisman
 p - a blade talisman
Scrolls
 d - 2 scrolls of silence {unknown}
 e - a scroll of enchant weapon {unknown}
 f - a scroll of blinking {unknown}
 h - 5 scrolls of identify {unknown}
 k - a scroll of immolation {unknown}
 n - a scroll of amnesia {unknown}
 o - a scroll of noise {unknown}
Potions
 b - 3 potions of lignification
 g - 4 potions of curing {unknown}
 i - 2 potions of heal wounds {unknown}
 j - a potion of haste {unknown}
 l - 3 potions of resistance {unknown}
 m - a potion of cancellation {unknown}


   Skills:
 - Level 0.7 Fighting
 - Level 1.5 Dodging
 + Level 7.6 Unarmed Combat
 - Level 3.0 Shapeshifting


You had 5 spell levels left.
You didn't know any spells.
Your spell library contained the following spells:

 Spells                   Type           Power      Damage    Failure   Level
 Blink                    Tloc           0%         N/A       65%         2
 Manifold Assault         Tloc           0%         N/A       99%         4


Dungeon Overview and Level Annotations

Branches:
Dungeon (7/15)
 Temple: D:4-7

Altars:


Innate Abilities, Weirdness & Mutations

You are a hulking beast.
Your limbs bulge with bestial killing power. (Slay +2)
You are too large for most types of armour.
You have claws for hands.
Your natural rate of healing is unusually fast.
You are covered in fur. (AC +1)
You have tough skin. (AC +1)


Message History

You miss the adder.
The adder is heavily wounded.
The sky beast flickers out of sight!
Deactivating autopickup; reactivate with Ctrl-A.
Something hits you but does no damage. The adder closely misses you.
You barely miss the adder.
The adder is heavily wounded.
The adder closely misses you. Something hits you. Something shocks you.
You barely miss the adder.
The adder is heavily wounded.
The adder misses you. Something hits you. Something shocks you.
Unknown command.
You barely miss the adder.
The adder is heavily wounded.
The adder bites you but does no damage. Something hits you.
Something shocks you.
You miss the adder.
The adder is heavily wounded.
The adder closely misses you.
You claw the adder!
You kill the adder!
Something hits you. Something shocks you.
Unknown command.
You scratch something. Something hits you. Something shocks you.
Unknown command.
You miss something. Something hits you. Something shocks you.
* * * LOW HITPOINT WARNING * * *
You closely miss something. Something hits you.
* * * LOW HITPOINT WARNING * * *
Something shocks you.
* * * LOW HITPOINT WARNING * * *
You barely miss something. You miss something. Something hits you.
* * * LOW HITPOINT WARNING * * *
Something shocks you.
* * * LOW HITPOINT WARNING * * *
You claw something! Something hits you.
* * * LOW HITPOINT WARNING * * *
Something shocks you.
You die...

####+####+#####
#..............
#...$..........
#..............
#......!.......
#.......{....(.
##########......h.......
#..............#########
+..............+
#....>.........#
#..............#
#..............#
.########......#
#†.....# #......#


There were no monsters in sight!

Vanquished Creatures
  A bullfrog (D:7)
  A howler monkey (D:7)
  An orc priest (D:2)
  2 hounds
  A sleepcap (D:7)
  4 orc wizards (D:3)
  3 adders
  A shadow imp (D:7)
  A worm (D:2)
  2 dart slugs (D:3)
  9 orcs
  3 ball pythons (D:2)
  2 bats
  6 endoplasms
  5 giant cockroaches
  5 goblins
  5 hobgoblins
  2 quokkas (D:1)
  6 frilled lizards
  3 kobolds
  4 rats
67 creatures vanquished.

Notes
Turn   | Place    | Note
-------+----------+-------------------------------------------
     0 | D:1      | MacCMillion the Troll Shapeshifter began the quest for the
                  | Orb.
     0 | D:1      | Reached XP level 1. HP: 18/18 MP: 0/0
   122 | D:1      | Reached XP level 2. HP: 22/26 MP: 1/1
   626 | D:2      | Reached skill level 4 in Unarmed Combat
   699 | D:2      | Reached XP level 3. HP: 32/32 MP: 2/2
   971 | D:2      | Reached skill level 5 in Unarmed Combat
   971 | D:2      | Reached XP level 4. HP: 40/40 MP: 3/3
  1624 | D:3      | Reached XP level 5. HP: 26/46 MP: 4/4
  1692 | D:3      | Found the +11 plutonium sword {Contam Stlth-}
  1714 | D:3      | Reached skill level 6 in Unarmed Combat
  2319 | D:4      | You fall into a shaft and drop 3 floors!
  2380 | D:7      | Reached skill level 7 in Unarmed Combat
  2380 | D:7      | Reached XP level 6. HP: 54/54 MP: 5/5
  2460 | D:6      | Noticed a sky beast
  2479 | D:6      | Slain by a sky beast

Illustrated notes

Levels and vault maps discovered:
D:1:      minmay_arrival_plants_in_alcoves, layout_basic
D:2:      layout_basic, serial_glass, glass_columns_a, glass_columns_b,
          serial_bayou_pond_c, columned_hall_lemuel
D:3:      layout_rooms
D:4:      minmay_thinvault, layout_loops_ring, mainiacjoe_overflow_alcove_1
D:6:      layout_gridville, mainiacjoe_overflow_tiny_flanked, zin_purify,
          led_sif_pool
D:7:      layout_loops_ring, nemelex_dance_club_becter

Skill      XL: |  1  2  3  4  5 |
---------------+----------------+-----
Unarmed Combat | 4 5 7 |  7.6
Fighting       | |  0.7
Dodging        | |  1.5
Shapeshifting  | |  3.0

Action                     |  1- 3 |  4- 6 || total
---------------------------+-------+-------++-------
  Melee: Unarmed           |    50 |   110 ||   160
         Punch             |     2 |     3 ||     5
   Stab: Sleeping          |     1 |     3 ||     4
 Armour: Animal skin       |    10 |    33 ||    43
  Dodge: Dodged            |    16 |    40 ||    56

Table legend: (Time is in decaauts)
 A = Elapsed time spent in this place.
 B = Non-inter-level travel time spent in this place.
 C = Inter-level travel time spent in this place.
 D = Time resting spent in this place.
 E = Time spent auto-exploring this place.
 F = Levels seen in this place.
 G = Mean time per level.
                   A        B        C        D        E       F      G
               +--------+--------+--------+--------+--------+-----+--------+
         Total |   2462 |   2387 |     75 |    100 |   1768 |   6 |  410.3 |
       Dungeon |   2462 |   2387 |     75 |    100 |   1768 |   6 |  410.3 |
               +--------+--------+--------+--------+--------+-----+--------+

Top non-repeatable levels by time:
     D:2: 1032 daAuts
     D:3: 561 daAuts
     D:1: 462 daAuts
     D:4: 250 daAuts
     D:7: 114 daAuts
     D:6: 40 daAuts
